 Dungeon Crawl Stone Soup version 0.30-a0-118-ga018f8e90f (webtiles) character file.

Game seed: 12287672445659239499

92 Newt the Trooper (level 4, -2/37 HPs)
             Began as a Demonspawn Gladiator on Sept 13, 2022.
             Was a Follower of Kikubaaqudgha.
             Killed by nerve-wracking pain
             ... invoked by an orc priest
              (6 damage)
             ... on level 3 of the Dungeon.
             The game lasted 00:02:01 (2549 turns).

Newt the Trooper (Demonspawn Gladiator)             Turns: 2549, Time: 00:02:02

Health: -2/37      AC:  3    Str: 16    XL:     4   Next: 35%
Magic:  4/4        EV: 12    Int: 10    God:    Kikubaaqudgha [*.....]
Gold:   94         SH:  0    Dex: 14    Spells: 3/3 levels left

rFire   . . .      SeeInvis .    g - +0 spear (venom)
rCold   . . .      Faith    .    (no shield)
rNeg    . . .      Spirit   .    b - +0 leather armour
rPois   .          Reflect  .    (helmet restricted)
rElec   .          Harm     .    (no cloak)
rCorr   .          Rampage  .    (no gloves)
Will    .....                    (no boots)
Stlth   ++........               k - amulet of magic regeneration
HPRegen 0.12/turn                (no ring)
MPRegen 0.49/turn                (no ring)

@: no status effects
A: horns 1, powered by death 1
a: Renounce Religion, Unearth Wretches


You were on level 3 of the Dungeon.
You worshipped Kikubaaqudgha.
Kikubaaqudgha was aware of your devotion.
You visited 1 branch of the dungeon, and saw 3 of its levels.

You collected 138 gold pieces.
You spent 44 gold pieces at shops.

Inventory:

Hand Weapons
 a - a +0 rapier
 g - a +0 spear of venom (weapon)
 o - a +1 vampiric trident
Missiles
 d - 2 throwing nets (quivered)
 e - a javelin
Armour
 b - a +0 leather armour (worn)
 c - a +0 helmet
Jewellery
 k - an amulet of magic regeneration (around neck)
Scrolls
 f - 3 scrolls of immolation
 j - 2 scrolls of teleportation
 m - a scroll of amnesia
 p - a scroll of poison
 r - a scroll of enchant armour {unknown}
 s - a scroll of butterflies {unknown}
 t - a scroll of identify
Potions
 i - 3 potions of attraction {unknown}
 l - a potion of invisibility {unknown}
 n - a potion of curing {unknown}
 q - a potion of might {unknown}


   Skills:
 - Level 4.0 Fighting
 - Level 2.6 Short Blades
 + Level 0.4 Polearms
 - Level 1.7 Throwing
 - Level 2.6 Dodging
 - Level 2.0 Stealth


You had 3 spell levels left.
You didn't know any spells.
Your spell library contained the following spells:

 Spells                   Type           Power      Damage    Failure   Level
 Necrotise                Necr           0%         1d4       43%         1
 Blink                    Tloc           0%         N/A       56%         2
 Ensorcelled Hibernation  Hex/Ice        0%         N/A       56%         2
 Passwall                 Tmut/Erth      0%         N/A       56%         2
 Lesser Beckoning         Tloc           0%         N/A       80%         3
 Portal Projectile        Hex/Tloc       0%         N/A       80%         3
 Swiftness                Air            0%         N/A       80%         3
 Tukima's Dance           Hex            0%         N/A       80%         3
 Vampiric Draining        Necr           0%         2d6       80%         3
 Anguish                  Hex/Necr       0%         N/A       99%         4
 Animate Dead             Necr           0%         N/A       99%         4
 Manifold Assault         Tloc           0%         N/A       99%         4
 Blade Hands              Tmut           0%         N/A       100%        5


Dungeon Overview and Level Annotations

Branches:
Dungeon (3/15)

Altars:
Kikubaaqudgha

Shops:
D:1 ?


Innate Abilities, Weirdness & Mutations

You have a pair of small horns on your head.
You regenerate a little health from kills.


Message History

Aim: an orc priest, wielding a +0 whip and wearing a +0 scale mail (about 34% to evade your +0 spear of venom)
The orc is in the way.
You hit the orc but do no damage.
The orc is poisoned.
The orc hits you with a +0 dagger.
* * * LOW HITPOINT WARNING * * *
Reach: g) +0 spear (venom)
Press: ? - help, Dir - move target, f/p - orc priest
Aim: an orc priest, wielding a +0 whip and wearing a +0 scale mail (about 34% to evade your +0 spear of venom)
You reach to attack!
You hit the orc priest but do no damage.
The orc priest is poisoned.
The orc priest miscasts a cantrip.
The orc closely misses you.
Reach: g) +0 spear (venom)
Press: ? - help, Dir - move target, f/p - orc priest
Aim: an orc priest, wielding a +0 whip and wearing a +0 scale mail (lightly wounded, very poisoned, about 34% to evade your +0 spear of venom)
The orc is in the way.
You hit the orc.
The orc is almost dead.
You kill the orc!
Kikubaaqudgha accepts your kill.
Unknown command.
Unknown command.
You hit the orc priest but do no damage.
The orc priest looks even sicker.
The orc priest is lightly wounded.
The orc priest hits you but does no damage.
The orc priest hits you with a +0 whip.
* * * LOW HITPOINT WARNING * * *
Throw: 3 throwing nets
Press: ? - help, Q - select action, (/) - cycle Shift-Dir - straight line, f/p - orc priest
Aim: an orc priest, wielding a +0 whip and wearing a +0 scale mail (lightly wounded, very poisoned, 64% to hit)
You throw a throwing net. The throwing net hits the orc priest.
The orc priest is caught in the net!
The orc priest is lightly wounded.
You hit the orc priest but do no damage.
The orc priest looks as sick as possible!
The orc priest is lightly wounded.
The orc priest mumbles some strange prayers to Beogh against you.
Pain shoots through your body!
You die...
Kikubaaqudgha rasps: "You have failed me!
Welcome... death!"

#. #..# #.# ##..##
#####.# ##....#
#...#.# #..##.##
#..#.## #.###...
#....########.#####.
#....>....†........
##......#....##...#
#@###..........#.#
#o##..#...........
#.g#############..#
#... ##.. #...# .
##... # #...# #...#
##...


You could see an orc priest (caught, extremely poisoned) and a goblin.

Vanquished Creatures
  An iguana (D:3)
  2 adders
  A worm (D:2)
  A dart slug (D:3)
  4 orcs (D:3)
  5 ball pythons
  3 endoplasms
  A giant cockroach (D:1)
  4 goblins
  4 hobgoblins
  A quokka (D:1)
  2 bats (D:1)
  3 frilled lizards (D:1)
  4 kobolds
  4 rats
40 creatures vanquished.

Notes
Turn   | Place    | Note
-------+----------+-------------------------------------------
     0 | D:1      | Newt the Demonspawn Gladiator began the quest for the Orb.
     0 | D:1      | Reached XP level 1. HP: 16/16 MP: 1/1
    79 | D:1      | Reached skill level 1 in Stealth
   477 | D:1      | Gained mutation: You have a pair of small horns on your
                  | head. [demonic ancestry]
   477 | D:1      | Reached XP level 2. HP: 19/22 MP: 2/2
   873 | D:1      | Found a faded altar of an unknown god.
   980 | D:1      | Prayed at the altar of an unknown god.
   980 | D:1      | Became a worshipper of Kikubaaqudgha
   980 | D:1      | Reached * piety under Kikubaaqudgha
   980 | D:1      | Received a gift from Kikubaaqudgha
  1111 | D:1      | Found Ugeschoe's Magic Scroll Boutique.
  1117 | D:1      | Bought a scroll of identify for 22 gold pieces
  1117 | D:1      | Bought a scroll of identify for 22 gold pieces
  1580 | D:2      | Reached XP level 3. HP: 23/28 MP: 3/3
  1800 | D:2      | Reached skill level 3 in Fighting
  2458 | D:3      | Gained mutation: You regenerate a little health from kills.
                  | [demonic ancestry]
  2458 | D:3      | Reached XP level 4. HP: 29/37 MP: 4/4
  2535 | D:3      | Reached skill level 4 in Fighting
  2549 | D:3      | Killed from afar by an orc priest

Illustrated notes

Levels and vault maps discovered:
D:1:      dpeg_arrival_rhombus, layout_basic, serial_shops,
          nicolae_shop_hallway_plus, basic_ecumenical_altar, minmay_tetromino_t4
D:2:      layout_loops_ring
D:3:      layout_rooms, minmay_misc_feat_doors, eino_curves_04, minivault_24,
          due_unseen_surprise

Skill      XL: |  1  2  3  4 |
---------------+-------------+-----
Stealth        | 1 2 |  2.0
Fighting       | 3 4 |  4.0
Short Blades   | |  2.6
Polearms       | |  0.4
Throwing       | |  1.7
Dodging        | |  2.6

Action                   |  1- 3 |  4- 6 || total
-------------------------+-------+-------++-------
Melee: Rapier            |    69 |       ||    69
       Headbutt          |     8 |     3 ||    11
       Trident           |     8 |       ||     8
       Spear             |    21 |    16 ||    37
Throw: Throwing net      |       |     1 ||     1
  Use: Scroll            |     5 |       ||     5
       Potion            |       |     1 ||     1
 Stab: Sleeping          |     5 |       ||     5
Armor: Leather armour    |    25 |     3 ||    28
Dodge: Dodged            |    51 |     6 ||    57

Table legend: (Time is in decaauts)
 A = Elapsed time spent in this place.
 B = Non-inter-level travel time spent in this place.
 C = Inter-level travel time spent in this place.
 D = Time resting spent in this place.
 E = Time spent auto-exploring this place.
 F = Levels seen in this place.
 G = Mean time per level.
                   A        B        C        D        E       F      G
               +--------+--------+--------+--------+--------+-----+--------+
         Total |   2558 |   2462 |     96 |    429 |   1743 |   3 |  852.7 |
       Dungeon |   2558 |   2462 |     96 |    429 |   1743 |   3 |  852.7 |
               +--------+--------+--------+--------+--------+-----+--------+

Top non-repeatable levels by time:
     D:1: 1497 daAuts
     D:2: 852 daAuts
     D:3: 207 daAuts
